 Seeded DCSS version 0.30.0-18-gc0e69614cb (webtiles) character file.

Game seed: 6351066067085065685 (custom seed)

10816 Esekla the Covert (level 11, -11/80 HPs)
             Began as an Octopode Delver on May 24, 2023.
             Was an Initiate of Gozag.
             Mangled by a centaur warrior simulacrum (28 damage)
             ... on level 11 of the Dungeon.
             The game lasted 01:01:29 (12690 turns).

Esekla the Covert (Octopode Delver)                Turns: 12690, Time: 01:01:30

Health: -11/80     AC:  5    Str: 10    XL:     11   Next: 68%
Magic:  19/19      EV: 15    Int: 16    God:    Gozag
Gold:   1558       SH:  5    Dex: 14    Spells: 21/21 levels left

rFire   . . .        a - +5 scimitar
rCold   . . .        D - +0 buckler
rNeg    + . .        (helmet restricted)
rPois   +            i - amulet of magic regeneration
rElec   +            B - ring of Greed {rElec rPois rN+ AC+4 Str-2}
rCorr   .            (no ring)
SInv    .            (no ring)
Will    .....        (no ring)
Stlth   ++++++       (no ring)
HPRegen 0.33/turn    (no ring)
MPRegen 0.56/turn    (no ring)
                     (no ring)

%: no passive effects
@: studying Fighting
A: almost no armour, amphibious, 8 rings, camouflage 1, gelatinous body 1,
(nimble swimmer 1), tentacles
a: Renounce Religion, Potion Petition, Call Merchant, Bribe Branch


You were on level 11 of the Dungeon.
You worshipped Gozag.
Gozag was most pleased with you.
You visited 2 branches of the dungeon, and saw 12 of its levels.
You also visited: Bailey.

You collected 2356 gold pieces.
You spent 758 gold pieces at shops.
You paid 40 gold pieces to Gozag.

Inventory:

Hand Weapons
 a - a +5 scimitar (weapon)
 r - a +4 trident of venom
 s - the +5 rapier of the Hero {heavy, rN+ Dex+3}
   (You found it on level 3 of the Dungeon)

   Dex:       It affects your dexterity (+3).
   rN:        It protects you from negative energy.
 L - a +2 vampiric dagger
 N - a +4 scimitar
 O - a +5 long sword
Missiles
 o - 39 poisoned darts (quivered)
 x - 6 throwing nets
 H - 4 curare-tipped darts
 K - 5 boomerangs
Armour
 D - a +0 buckler (worn)
Jewellery
 d - an amulet of reflection
 i - an amulet of magic regeneration (around mantle)
 B - the ring of Greed (left tentacle) {rElec rPois rN+ AC+4 Str-2}
   (You bought it in a shop on level 2 of the Dungeon)

   [ring of protection]

   AC:        It affects your AC (+4).
   Str:       It affects your strength (-2).
   rElec:     It insulates you from electricity.
   rPois:     It protects you from poison.
   rN:        It protects you from negative energy.
 M - a ring of magical power
Wands
 f - a wand of digging (3)
 g - a wand of flame (15)
 n - a wand of roots (21)
 w - a wand of mindburst (9)
 R - a wand of charming (6)
Scrolls
 b - 3 scrolls of fog
 c - 2 scrolls of magic mapping
 k - 4 scrolls of enchant weapon
 m - 2 scrolls of amnesia
 q - a scroll of enchant armour {unknown}
 v - 5 scrolls of blinking
 y - 2 scrolls of silence
 z - a scroll of summoning {unknown}
 C - 3 scrolls of teleportation {unknown}
 E - 2 scrolls of poison
 F - 2 scrolls of acquirement
 G - 3 scrolls of noise {unknown}
 I - a scroll of immolation {unknown}
 J - 2 scrolls of torment {unknown}
 P - a scroll of vulnerability {unknown}
Potions
 e - 3 potions of haste
 h - 3 potions of brilliance
 j - a potion of lignification
 l - 7 potions of curing
 p - 6 potions of attraction
 u - a potion of ambrosia
 A - a potion of mutation
 Q - a potion of cancellation


   Skills:
 * Level 9.4 Fighting
 + Level 6.0(8.1) Short Blades
 * Level 8.5(9.4) Long Blades
 + Level 3.5 Throwing
 * Level 7.0 Dodging
 + Level 11.6 Stealth
 + Level 4.3 Shields
 * Level 5.8 Spellcasting


You had 21 spell levels left.
You didn't know any spells.
Your spell library contained the following spells:

 Spells                   Type           Power      Damage    Failure   Level
 Lesser Beckoning         Tloc           8%         N/A       30%         2
 Gell's Gravitas          Tloc           4%         N/A       52%         3
 Spider Form              Tmut/Pois      4%         N/A       52%         3
 Teleport Other           Tloc           4%         N/A       52%         3
 Cause Fear               Hex            2%         N/A       89%         4
 Summon Mana Viper        Hex/Summ       4%         N/A       99%         5


Dungeon Overview and Level Annotations

Branches:
Dungeon (11/15)            Temple (1/1) D:6             Orc (0/2) D:10
 Bailey (visited)
   Lair: D:8-11

Altars:
Cheibriados
Dithmenos
Fedhas
Gozag
Hepliaklqana
Nemelex Xobeh
Okawaru
Qazlal
Ru
Trog
Uskayaw
Vehumet
Wu Jian
Xom
Zin
The Shining One

Shops:
D:2 =   D:4 (

Annotations:
D:6 Pikel
D:8 4 transporters


Innate Abilities, Weirdness & Mutations

You cannot wear most types of armour.
You are amphibious.
You can wear up to eight rings at the same time.
Your skin changes colour to match your surroundings (Stealth+).
Your rubbery body absorbs attacks. (AC +1, EV +1)
((You are camouflaged when in or above water. (Stealth+)))
You have tentacles for arms and can constrict up to eight enemies at once.


Message History

You see here a +0 shortbow.
a - a +5 scimitar (weapon)
Found a stone staircase leading down.
Found a stone staircase leading up.
There is an open door here.
There is a stone staircase leading up here.
Done exploring.
Okay, then.
(D) Dungeon (T) Temple (O) Orcish Mines
Where to? (Enter - D:10, ? - help)
There is a stone staircase leading down here.
You climb downwards.
Found a war axe.
There is a stone staircase leading up here.
An ice beast comes into view.
Found a pink potion.
A centaur warrior simulacrum comes into view.
Found 3 stones.
You see here a +0 war axe.
A white imp and a centaur warrior simulacrum come into view.
The white imp shouts, "Kneel, thou fobbing wibble-sucking slime mould!"
You see here a +0 war axe.
The centaur warrior simulacrum attacks as you move away!
The centaur warrior simulacrum hits you!
The centaur warrior simulacrum freezes you!!
The centaur warrior simulacrum kicks you but does no damage.
You barely miss the centaur warrior simulacrum.
You squeeze the centaur warrior simulacrum.
The centaur warrior simulacrum is lightly damaged.
The centaur warrior simulacrum hits you.
The centaur warrior simulacrum freezes you!!
* * * LOW HITPOINT WARNING * * *
The centaur warrior simulacrum closely misses you.
Okay, then.
Unknown command.
The centaur warrior simulacrum hits you.
* * * LOW HITPOINT WARNING * * *
The centaur warrior simulacrum freezes you!!
You die...
Your body crumbles into a pile of gold.

##########
.........#
.........# ##
.........# ...
.......@.## ....
........Z.# .(..
..........####..#
#########..)...5#
#.....####..#!...
#..... ..# #
#..... ...#
#..... .....
#..... #.####


You could see a centaur warrior simulacrum.

Vanquished Creatures
  Harold (D:9)
  2 two-headed ogres
  2 orc knights (Bailey)
  2 cyclopes (D:9)
  Joseph (D:7)
  A gargoyle (D:10)
  A kobold demonologist (D:9)
  A troll (D:10)
  8 yaks
  2 wyverns
  Menkaure (D:7)
  A steam dragon (D:9)
  An ice beast (D:6)
  9 orc warriors
  2 black bears
  2 ogres
  2 centaurs
  A phantom (D:7)
  A lemure (D:5)
  4 kobold brigands
  3 gnoll sergeants
  2 bullfrogs
  2 scorpions (D:5)
  8 wights
  13 killer bees
  2 howler monkeys (D:10)
  2 quasits (D:8)
  2 gnoll boudas
  6 hounds
  A jelly (D:6)
  Crazy Yiuf (D:7)
  6 orc priests
  5 iguanas
  A sleepcap (D:5)
  8 orc wizards
  26 gnolls
  9 adders
  3 shadow imps (D:8)
  6 white imps
  3 ufetubi (D:8)
  A worm (D:4)
  3 dart slugs
  53 orcs
  6 ball pythons
  4 endoplasms
  9 goblins
  7 hobgoblins
  A quokka (D:1)
  4 bats
  4 frilled lizards
  21 kobolds
  A rat (D:2)
268 creatures vanquished.

Notes
Turn   | Place    | Note
-------+----------+-------------------------------------------
     0 | D:5      | Esekla the Octopode Delver began the quest for the Orb.
     0 | D:5      | Reached XP level 1. HP: 16/16 MP: 1/1
    53 | D:5      | Noticed an iguana
    92 | D:5      | Reached XP level 2. HP: 21/21 MP: 2/2
    96 | D:5      | Found a shadowy altar of Dithmenos.
   174 | D:5      | Reached skill level 7 in Stealth
   201 | D:5      | Got the Parchment of the Lumpy Olives
   209 | D:5      | Noticed a scorpion
   332 | D:5      | Reached XP level 3. HP: 21/26 MP: 3/3
   384 | D:5      | Reached skill level 1 in Spellcasting
   384 | D:5      | Reached XP level 4. HP: 15/31 MP: 5/5
   509 | D:5      | Noticed an ogre
   555 | D:5      | Reached XP level 5. HP: 35/37 MP: 6/6
   559 | D:5      | Killed an ogre
   560 | D:5      | Reached skill level 8 in Stealth
   560 | D:5      | Reached XP level 6. HP: 43/43 MP: 6/8
   927 | D:6      | Found a blossoming altar of Fedhas.
   927 | D:6      | Noticed a black bear
  1180 | D:6      | Killed a black bear
  1181 | D:6      | Reached XP level 7. HP: 38/49 MP: 8/10
  1278 | D:6      | Found a staircase to the Ecumenical Temple.
  1291 | Temple   | Entered the Ecumenical Temple
  1308 | Temple   | Became a worshipper of Gozag Ym Sagoz the Greedy
  1640 | D:4      | Found Ponaysk's Antique Weapon Boutique.
  1792 | D:3      | Found a stormy altar of Qazlal.
  1808 | D:3      | Found a hazy altar of Hepliaklqana.
  1808 | D:3      | Found a bloodstained altar of Trog.
  2860 | D:2      | Found Renulab's Jewellery Shop.
  3029 | D:2      | Found a faded altar of an unknown god.
  3050 | D:2      | Reached skill level 5 in Fighting
  3100 | D:3      | Identified the +5 rapier of the Hero {heavy, rN+ Dex+3}
  3569 | D:4      | Found a radiant altar of Vehumet.
  3586 | D:4      | Found an iron altar of Okawaru.
  3597 | D:4      | Found a glowing silver altar of Zin.
  3868 | D:5      | Reached skill level 9 in Stealth
  4045 | D:5      | Reached XP level 8. HP: 48/55 MP: 11/11
  4070 | D:5      | Reached skill level 1 in Short Blades
  4285 | D:4      | Found a glowing golden altar of the Shining One.
  4365 | D:4      | Reached skill level 5 in Long Blades
  4956 | D:2      | Bought the ring of Greed {rElec rPois rN+ AC+4 Str-2} for
                  | 758 gold pieces
  5156 | D:6      | Noticed Pikel
  5862 | D:7      | Noticed Joseph
  6064 | D:7      | Noticed Menkaure
  6071 | D:7      | Killed Menkaure
  6123 | D:7      | Reached skill level 10 in Stealth
  6123 | D:7      | Reached skill level 1 in Shields
  6123 | D:7      | Reached XP level 9. HP: 58/62 MP: 12/14
  6207 | D:7      | Found a runed translucent door.
  6208 | D:7      | Noticed Crazy Yiuf
  6215 | D:7      | Killed Crazy Yiuf
  6389 | D:7      | Killed Joseph
  6694 | D:8      | Found a hide-covered altar of Uskayaw.
  6911 | D:9      | Found a flagged portal.
  6940 | Bailey   | Entered a bailey
  7450 | Bailey   | Identified the +2 bardiche of Puhoisos {heavy, rElec
                  | Stlth+}
  7453 | Bailey   | Noticed an orc knight
  7453 | Bailey   | Noticed an orc knight
  7651 | Bailey   | Killed an orc knight
  7652 | Bailey   | Reached skill level 1 in Throwing
  7652 | Bailey   | Reached skill level 5 in Dodging
  7652 | Bailey   | Reached XP level 10. HP: 12/69 MP: 16/16
  7970 | Bailey   | Killed an orc knight
  7971 | Bailey   | Reached skill level 11 in Stealth
  8525 | D:8      | Noticed a two-headed ogre
  8544 | D:8      | Killed a two-headed ogre
  8545 | D:8      | Reached skill level 5 in Short Blades
  8662 | D:8      | Found a transporter.
  8662 | D:8      | Found a transporter.
  8665 | D:8      | Found a transporter.
  8666 | D:8      | Found a transporter.
  9572 | D:9      | Noticed a kobold demonologist
  9592 | D:9      | Noticed a cyclops
  9700 | D:9      | Killed a cyclops
  9701 | D:9      | Reached skill level 5 in Spellcasting
  9857 | D:9      | Noticed Harold
  9864 | D:9      | Killed a kobold demonologist
  9882 | D:9      | Killed Harold
  9883 | D:9      | Reached XP level 11. HP: 38/78 MP: 18/18
 10146 | D:9      | Found a sparkling altar of Nemelex Xobeh.
 10208 | D:9      | Noticed a two-headed ogre
 10257 | D:9      | Killed a two-headed ogre
 10692 | D:9      | Noticed a cyclops
 10724 | D:9      | Killed a cyclops
 11210 | D:10     | Entered Level 10 of the Dungeon
 11249 | D:10     | Found a staircase to the Orcish Mines.
 11730 | D:10     | Found a sacrificial altar of Ru.
 12690 | D:11     | Mangled by a centaur warrior simulacrum

Illustrated notes

Levels and vault maps discovered:
D:1:      sevenhm_arrival_forest_fort_small_3, layout_rooms,
          chequers_serial_rivers_room_b, minmay_misc_feat_five
D:2:      layout_loops_ring, dreamdust_ecumenical_altar_angels_and_demons,
          serial_shops, shop
D:3:      layout_basic, grunt_temple_overflow_open, minmay_misc_feat_iff
D:4:      layout_basic, nicolae_overflow_quartered_altars, serial_shops,
          nicolae_diamond_shop
D:5:      layout_loops_ring, lemuel_doored_altar, minmay_misc_feat_rows,
          dreamdust_wishing_well
D:6:      layout_loops_cross, fedhas_altar_fruit_tree,
          minmay_temple_entry_glass, uniq_pikel, uniq_blork_the_orc
D:7:      layout_basic, uniq_menkaure, uniq_joseph, uniq_crazy_yiuf_cottage
D:8:      layout_basic, nicolae_uskayaw_dance_hall, serial_demonic,
          serial_demonic_d, serial_demonic_a, serial_demonic_c,
          serial_demonic_c, nicolae_diode_quadrants
D:9:      layout_irregular_city, kennysheep_little_box, enter_bailey_4,
          minmay_between, uniq_harold
D:10:     layout_basic, nicolae_ru_awakened_eye
D:11:     layout_rooms, hellmonk_lair_entry_icy, serial_ice, serial_ice_j,
          serial_ice_m, serial_ice_o, serial_ice_c, serial_ice_g, serial_ice_f,
          guppyfry_shop_earth, uniq_psyche, uniq_lodul
Temple:   compressed_dpeg_circular_temple

Skill      XL: |  1  2  3  4  5  6  7  8  9 10 11 |
---------------+----------------------------------+-----
Stealth        | 7 8 9 10 11 | 11.6
Spellcasting   | 1 2 3 4 5 |  5.8
Fighting       | 4 5 6 8 9 |  9.4
Long Blades    | 3 4 5 6 7 8 |  8.5
Dodging        | 3 4 5 6 7 |  7.0
Short Blades   | 3 4 5 6 |  6.0
Shields        | 1 3 4 |  4.3
Throwing       | 1 3 |  3.5

Action                     |  1- 3 |  4- 6 |  7- 9 | 10-12 || total
---------------------------+-------+-------+-------+-------++-------
  Melee: Falchion          |    21 |    45 |    56 |       ||   122
         Constrict         |     5 |     8 |    54 |    51 ||   118
         Tentacles         |     5 |    11 |    50 |    67 ||   133
         Dagger            |       |     1 |    26 |       ||    27
         Punch             |       |     1 |     2 |     4 ||     7
         Rapier            |       |       |   152 |   129 ||   281
         Scimitar          |       |       |       |   154 ||   154
         Long sword        |       |       |       |    20 ||    20
  Throw: Dart              |       |     1 |    35 |    58 ||    94
         Throwing net      |       |       |       |     2 ||     2
         Boomerang         |       |       |       |     3 ||     3
  Evoke: Wand              |       |       |     1 |       ||     1
    Use: Scroll            |       |       |    11 |     7 ||    18
         Potion            |       |       |     1 |     6 ||     7
   Stab: Sleeping          |     2 |       |    38 |     5 ||    45
         Distracted        |       |       |     1 |     5 ||     6
         Fleeing           |       |       |       |     1 ||     1
 Armour: Skin              |       |       |    27 |    70 ||    97
  Dodge: Dodged            |    15 |    39 |   159 |   180 ||   393
  Block: Buckler           |       |       |    30 |    71 ||   101
